ElectroGuy, lawful male human Knight ---------------- -&.......s.....| --------------- |&.............| |....>........| Fu&h.....s...`..-############..............| :-----.---------- #|.............| --------|------ ####### # # -.---- ### |....| ---|-- |.....######### #.....| |....|############ ###|....| |.%..| ### -.------.-- # |....| ----.- # |.......... ### |....| ##-.........| # ------ |.........-###### |.........| ----------- ElectroGuy the Esquire Experience level: 3 Strength: 16 Dexterity: 9 Constitution: 11 Intelligence: 8 Wisdom: 15 Charisma: 17 Health: 0(33) Energy: 21(21) Def: 7 Gold: 308 Moves: 1859 Dungeon seed: omXkQn_2s4yiHU_B Game ID: ElectroGuy_1573334875 Your Inventory: Coins $ - 308 gold pieces Weapons a - a blessed rusty +2 long sword (alternate weapon; not wielded) b - a +1 lance (weapon in hand) N - 9 cursed +0 darts (in quiver) Armor e - an uncursed +1 ring mail (being worn) n - an uncursed +0 helmet (being worn) q - an uncursed +0 small shield (being worn) r - an uncursed +0 pair of leather gloves (being worn) Comestibles d - 10 uncursed carrots g - an uncursed egg C - an uncursed food ration Scrolls L - a cursed scroll of enchant weapon Rings f - an uncursed ring of searching (on left hand) k - a cursed ring of warning (on right hand) O - an uncursed ring of regeneration Tools l - an uncursed brass lantern (0:1272) M - an uncursed towel Gems y - an uncursed worthless piece of orange glass Spells and supernatural/magical abilities: Name Level Category Fail Memory W - pray for help -- divine ? -- X - turn undead -- divine ? -- Y - supernatural jump -- ability ? -- Your skills at the end: Fighting Skills riding [Basic] Weapon Skills long sword [Basic] lance [Basic] Spellcasting Skills Final Attributes: You were piously aligned. You could recognize detrimental food. You were warned. You had automatic searching. You could jump. You were riding your pony. You are dead. Vanquished creatures: a large kobold 2 gnome zombies a gecko 5 jackals a kobold 2 goblins 2 sewer rats a grid bug 4 lichens a kobold zombie 7 newts 27 creatures vanquished. Voluntary challenges: You were an atheist. You used a wielded weapon 22 times, starting on turn 86. You read items or engraved 4 times, starting on turn 573. You never genocided any monsters. You never polymorphed an object. You never changed form. You used no wishes. You never split a pudding. You never wrote Elbereth's name. You never violated your personal moral code. Dungeon overview: The Dungeons of Doom: levels 1 to 4 Level 1 a fountain, a sink a long staircase Level 2 a general store, a sink Level 3 a jewelry store Level 4 <- You were here History has recorded: On T:1 you entered the Dungeons of Doom to retrieve the Amulet of Yendor! On T:525 you reached level 2 of The Dungeons of Doom. On T:742 you advanced to experience level 2. On T:884 you reached level 3 of The Dungeons of Doom. On T:1511 you advanced to experience level 3. On T:1713 you reached level 4 of The Dungeons of Doom. Score breakdown: Gold: 308 ( 8469 points) Experience: 3 levels ( 7878 points) Exploration: 4 levels ( 8.16%) ( 7500 points) Discoveries: 9 items ( 3.66%) ( 5738 points) Valuables value: (no points given unless you survive) Artifact value: 0 ( 0 points) Variety of kills: 11 monsters ( 2.89%) ( 5097 points) Turncount: 1859 turns ( 0 points) Survival: died (score multiplied by 80%) Total score: 27745 Latest messages: The water demon misses the saddled pony. (3x) The saddled pony misses the water demon. (2x) You miss the water demon. The water demon hits! (2x) The water demon bites! You miss the water demon. The water demon hits! (2x) The water demon misses. The door resists! The water demon misses the saddled pony. (3x) The saddled pony misses the water demon. (2x) The door opens. The water demon drinks a potion of gain level! The water demon seems more experienced. The water demon hits! (2x) The water demon bites! You miss the lichen. The water demon wields an aklys! The water demon hits! The water demon bites! The water demon hits! (2x) You die... Final status: Fare thee well ElectroGuy the Knight, killed by a water demon... You died in The Dungeons of Doom on dungeon level 4 with 27745 points, and 308 pieces of gold, after 1859 moves. You were level 3 with a maximum of 33 hit points when you died.